 Dungeon Crawl Stone Soup version 0.25.0-9-g26727b657a (webtiles) character file.

Game seed: 7118843269016124253

99 Delamore the Cudgeler (level 4, -5/28 HPs)
             Began as a Gargoyle Fighter on June 17, 2020.
             Slain by a gnoll
             ... wielding a +0 spear
              (7 damage)
             ... on level 2 of the Dungeon.
             The game lasted 00:01:50 (2110 turns).

Delamore the Cudgeler (Gargoyle Fighter)            Turns: 2110, Time: 00:01:50

Health: -5/28      AC: 11    Str: 21    XL:     4   Next: 72%
Magic:  4/4        EV:  7    Int:  8    God:
Gold:   97         SH:  9    Dex:  9    Spells: 3/3 levels left

rFire    . . .     SeeInvis .   a - +0 flail
rCold    . . .     Gourm    .   c - +0 kite shield
rNeg     + . .     Faith    .   b - +0 scale mail
rPois    ∞         Spirit   .   (no helmet)
rElec    +         Reflect  .   n - +0 cloak
rCorr    .         Harm     .   (no gloves)
MR       .....                  (no boots)
Stlth    ..........             (no amulet)
HPRegen  0.09/turn              (no ring)
MPRegen  0.09/turn              (no ring)

@: no status effects
A: negative energy resistance 1, electricity resistance, unbreathing,
petrification resistance, rot immunity, AC +3
a: no special abilities


You were on level 2 of the Dungeon.
You were not hungry.

You visited 1 branch of the dungeon, and saw 2 of its levels.

You collected 97 gold pieces.

Inventory:

Hand Weapons
 a - a +0 flail (weapon)
Missiles
 k - 4 javelins (quivered)
Armour
 b - a +0 scale mail (worn)
 c - a +0 kite shield (worn)
 n - a +0 cloak (worn)
Scrolls
 e - a scroll of enchant armour {unknown}
 g - a scroll of remove curse {unknown}
 i - a scroll of teleportation {unknown}
 j - a scroll of immolation {unknown}
 m - a scroll of magic mapping {unknown}
 o - a scroll of fog {unknown}
Potions
 d - a potion of might
 h - a potion of degeneration {unknown}
Comestibles
 f - 8 rations
 l - 3 chunks of flesh


   Skills:
 - Level 3.2 Fighting
 + Level 4.8 Maces & Flails
 - Level 3.2 Armour
 - Level 3.2 Shields


You had 3 spell levels left.
You didn't know any spells.
Your spell library was empty.

Dungeon Overview and Level Annotations

Branches:
Dungeon (2/15)

Altars:


Innate Abilities, Weirdness & Mutations

You are resistant to torment.
Your stone body is resilient. (AC +3)
You are immune to poison.
You resist negative energy. (rN+)
You are resistant to electric shocks. (rElec)
You can survive without breathing.
You are immune to petrification.
You are immune to rotting.


Message History

You closely miss the gnoll.
The gnoll is almost dead.
The gnoll hits you but does no damage. The gnoll hits you.
* * * LOW HITPOINT WARNING * * *
The gnoll barely misses you.
You sock the gnoll!
You kill the gnoll!
You block the gnoll's attack. x2; The gnoll hits you but does no damage.
Your shield and scale mail prevent you from hitting the gnoll.
You block the gnoll's attack. The gnoll hits you.
* * * LOW HITPOINT WARNING * * *
The gnoll hits you from afar with a +0 spear.
* * * LOW HITPOINT WARNING * * *
You barely miss the gnoll. The gnoll barely misses you.
The gnoll closely misses you.
You sock the gnoll!
The gnoll is severely wounded.
The gnoll hits you but does no damage.
The gnoll hits you from afar with a +0 spear!
You die...

#..# ##.#.## #.. ##
#.###.. #.. ..# ##.#.##
#.# #.# ##.## #.# #.#
### ########.# #.#
........?###.##
#.######.((#...######
#...g)@g.#........... .
#.######...#...##### .
# #.............#######
#.#...........#.#......
#.#.#####..####.#...###
#....####..####.......#
#...................).#
#.....###.#####........
#.........# #.#...###


You could see 2 gnolls.

Vanquished Creatures
  2 gnolls (D:2)
  An ooze (D:1)
  2 worms (D:2)
  A dart slug (D:2)
  3 leopard geckos (D:1)
  6 bats
  4 giant cockroaches
  5 goblins
  6 hobgoblins
  15 jackals
  4 kobolds
  4 frilled lizards
  4 rats
57 creatures vanquished.

Notes
Turn   | Place    | Note
-------+----------+-------------------------------------------
     0 | D:1      | Delamore the Gargoyle Fighter began the quest for the Orb.
     0 | D:1      | Reached XP level 1. HP: 14/14 MP: 1/1
   268 | D:1      | Reached XP level 2. HP: 17/19 MP: 2/2
   316 | D:1      | Reached skill level 3 in Maces & Flails
   447 | D:1      | Reached XP level 3. HP: 6/23 MP: 3/3
  1370 | D:2      | Reached skill level 4 in Maces & Flails
  1615 | D:2      | Reached XP level 4. HP: 27/28 MP: 4/4
  2110 | D:2      | Slain by a gnoll

Illustrated notes

Levels and vault maps discovered:
D:1:      matt_arrival_grand_opening, layout_basic, serial_bayou_lake_a
D:2:      layout_loops_ring, first_ration

Skill      XL: |  1  2  3 |
---------------+----------+-----
Maces & Flails | 3 4 |  4.8
Fighting       | |  3.2
Armour         | |  3.2
Shields        | |  3.2

Action                   |  1- 3 |  4- 6 || total
-------------------------+-------+-------++-------
Melee: Flail             |   168 |    89 ||   257
  Eat: Chunk             |     3 |     1 ||     4
Armor: Scale mail        |   161 |    56 ||   217
Dodge: Dodged            |    96 |    33 ||   129
Block: Kite shield       |   130 |    72 ||   202
